 Dungeon Crawl Stone Soup version 0.31-a0-66-ge618eeaa78 (webtiles) character file.

Game seed: 11802445501595735285

117636 voltaire321 the Eclecticist (level 16, -4/99 HPs)
             Began as a Deep Elf Earth Elementalist on May 22, 2023.
             Was a High Priest of Vehumet.
             Slain by an alligator (15 damage)
             ... called by a spriggan druid
             ... on level 2 of the Swamp on May 23, 2023.
             The game lasted 02:04:35 (30502 turns).

voltaire321 the Eclecticist (DEEE)                 Turns: 30502, Time: 02:04:35

Health: -4/99      AC: 19    Str:  7    XL:     16   Next: 23%
Magic:  16/38      EV: 19    Int: 26    God:    Vehumet [*****.]
Gold:   1677       SH: 13    Dex: 17    Spells: 24/47 levels left

rFire   + + .        Q - staff of earth "Tyrr" {Will+++ Str-2 Int-4 Dex+2}
rCold   + + +        U - +1 kite shield {rPois}
rNeg    + + .        d - +5 ring mail "Jiemastu" {rF+ rC+}
rPois   +            y - +2 hat {Int+3}
rElec   .            w - +2 cloak
rCorr   .            f - +0 pair of gloves "Ypitatt" {rC++ Will+}
SInv    +            (no boots)
Will    +++++        W - amulet "Acajymn" {+Blink Regen+ SInv}
Stlth   ++           V - ring "Pixu" {Wiz rF+ Int+2}
HPRegen 1.16/turn    T - ring "Kugiykit" {rN++ EV+5}
MPRegen 0.26/turn

%: wizardry (x1)
@: about to teleport, studying 2 skills
A: no striking features
a: Renounce Religion, Evoke Blink


You were on level 2 of the Swamp.
You worshipped Vehumet.
Vehumet was extremely pleased with you.
You visited 5 branches of the dungeon, and saw 25 of its levels.
You also visited: Trove, Sewer, Ossuary, Bailey and Gauntlet.

You collected 2307 gold pieces.
You spent 630 gold pieces at shops.

Inventory:

Hand Weapons
 B - a +6 scimitar of flaming
 X - the +2 flail of Distant Worlds {freeze, MP+9 Int+2}
   (You found it on level 5 of the Lair of Beasts)

   Int:       It affects your intelligence (+2).
   MP:        It affects your magic capacity (+9).
Missiles
 I - 8 curare-tipped darts
Armour
 d - the +5 ring mail "Jiemastu" (worn) {rF+ rC+}
   (You found it on level 10 of the Dungeon)

   rF:        It protects you from fire.
   rC:        It protects you from cold.
 f - the +0 pair of gloves "Ypitatt" (worn) {rC++ Will+}
   (You acquired it on level 2 of the Orcish Mines)

   rC:        It greatly protects you from cold.
   Will:      It increases your willpower.
 w - a +2 cloak (worn)
 y - a +2 hat of intelligence (worn)
 U - a +1 kite shield of poison resistance (worn)
Magical Staves
 Q - the staff of earth "Tyrr" (weapon) {Will+++ Str-2 Int-4 Dex+2}
   (You bought it in a shop on level 2 of the Orcish Mines)

   [staff of earth]

   Base accuracy: +5 Base damage: 5 Base attack delay: 1.2 This weapon's minimum
   attack delay (0.6) is reached at skill level 12.
   Str:       It affects your strength (-2).
   Int:       It affects your intelligence (-4).
   Dex:       It affects your dexterity (+2).
   Will:      It greatly increases your willpower.
   It falls into the 'Staves' category.
   It is a one-handed weapon.
Jewellery
 n - a ring of protection from cold
 H - the dreamshard necklace {Acrobat *Dream}
   (You found it in a Gauntlet)

   [amulet of the acrobat]

   *Dream:    It absorbs a single lethal wound into itself, holding its wearer
   just short of death and releasing dream-creatures to guard them.
   It increases your evasion while moving and waiting.
 J - a +6 ring of strength
 K - a ring of flight
 O - a ring of positive energy
 P - a ring of poison resistance
 S - the amulet "Gikkaj Pupa" {rElec Regen+}
   (You found it in a treasure trove)

   [amulet of regeneration]

   rElec:     It insulates you from electricity.
   Regen:     It increases your rate of health regeneration.
 T - the ring "Kugiykit" (right hand) {rN++ EV+5}
   (You found it in a treasure trove)

   [ring of evasion]

   EV:        It affects your evasion (+5).
   rN:        It greatly protects you from negative energy.
 V - the ring "Pixu" (left hand) {Wiz rF+ Int+2}
   (You found it in a treasure trove)

   [ring of wizardry]

   It improves your spell success rate.
   Int:       It affects your intelligence (+2).
   rF:        It protects you from fire.
 W - the amulet "Acajymn" (around neck) {+Blink Regen+ SInv}
   (You found it in a treasure trove)

   [amulet of regeneration]

   SInv:      It lets you see invisible.
   +Blink:    It lets you blink.
   Regen:     It increases your rate of health regeneration.
Wands
 a - a wand of flame (24)
 h - a wand of light (10)
 q - a wand of digging (11)
 D - a wand of mindburst (22)
 E - a wand of roots (44)
 N - a wand of paralysis (11)
 Y - a wand of polymorph (4)
Scrolls
 e - 5 scrolls of teleportation
 g - 6 scrolls of fog
 k - 2 scrolls of enchant armour
 m - 5 scrolls of magic mapping
 r - 14 scrolls of identify
 t - 6 scrolls of fear
 x - a scroll of silence
 C - a scroll of summoning
 G - a scroll of poison
 L - 2 scrolls of amnesia
 R - a scroll of brand weapon
Potions
 b - 2 potions of magic
 c - 2 potions of invisibility
 i - 2 potions of resistance
 j - 7 potions of mutation
 l - 9 potions of might
 o - 3 potions of ambrosia
 p - 9 potions of curing
 s - a potion of berserk rage
 v - 7 potions of brilliance
 z - 2 potions of cancellation
 A - 4 potions of heal wounds
 M - 5 potions of haste
Miscellaneous
 F - a phantom mirror


   Skills:
 + Level 10.6 Fighting
 - Level 10.0 Armour
 + Level 13.3 Dodging
 - Level 2.4 Stealth
 + Level 10.2 Shields
 + Level 16.1 Spellcasting
 + Level 13.1 Conjurations
 - Level 2.0 Transmutations
 + Level 13.8 Earth Magic
 - Level 5.0 Evocations


You had 24 spell levels left.
You knew the following spells:

 Your Spells              Type           Power      Damage    Failure   Level
a - Sandblast             Erth           100%       2d20      1%          1
b - Passwall              Tmut/Erth      55%        N/A       1%          2
c - Stone Arrow           Conj/Erth      100%       3d13      1%          3
d - Iskenderun's Mystic   Conj/Tloc      44%        2d10      4%          4
e - Iron Shot             Conj/Erth      44%        9d9       4%          6
f - Searing Ray           Conj           100%       2d8       1%          2
g - Lee's Rapid Deconstr  Erth           48%        3d23*     1%          5

Your spell library contained the following spells:

 Spells                   Type           Power      Damage    Failure   Level
 Magic Dart               Conj           100%       1d8       1%          1
 Dazzling Flash           Conj/Hex       88%        N/A       1%          3
 Beastly Appendage        Tmut           62%        N/A       4%          1
 Fulminant Prism          Conj/Hex       22%        3d12      4%          4
 Petrify                  Tmut/Erth      67%        N/A       9%          4
 Animate Armour           Summ/Erth      100%       N/A       13%         4
 Volatile Blastmotes      Fire/Tloc      20%        2d11      17%         3
 Ensorcelled Hibernation  Hex/Ice        20%        N/A       32%         2
 Spider Form              Tmut/Pois      15%        N/A       41%         3
 Starburst                Conj/Fire      22%        6d7       47%         6
 Cause Fear               Hex            10%        N/A       65%         4
 Blade Hands              Tmut           15%        N/A       73%         5
 Lehudib's Crystal Spear  Conj/Erth      44%        10d11     75%         8
 Statue Form              Tmut/Erth      44%        N/A       77%         6
 Anguish                  Hex/Necr       5%         N/A       89%         4
 Alistair's Intoxication  Tmut/Pois      10%        N/A       98%         5
 Dragon Form              Tmut           15%        N/A       100%        7
 Dragon's Call            Summ           10%        N/A       100%        9


Dungeon Overview and Level Annotations

Branches:
Dungeon (15/15)            Temple (1/1) D:7            Lair (5/5) D:10
  Swamp (2/4) Lair:2       Spider (0/4) Lair:3        Slime (0/5) Lair:4
    Orc (2/2) D:10            Elf (0/3) Orc:2        Vaults (0/5) D:13
 Depths (0/4) D:15          Sewer (visited)         Ossuary (visited)
 Bailey (visited)         Gauntlet (visited)

Altars:
Ashenzari
Cheibriados
Dithmenos
Elyvilon
Fedhas
Gozag
Hepliaklqana
Kikubaaqudgha
Makhleb
Nemelex Xobeh
Okawaru
Qazlal
Ru
Sif Muna
Trog
Uskayaw
Vehumet
Wu Jian
Xom
Yredelemnul
Zin
The Shining One
Jiyva

Shops:
D:2 [*(   D:4 (!   Orc:2 :*[[

Annotations:
D:4 2 runed translucent doors, SirDiesAlot's ghost, amateur OgGl


Message History

You feel a surge of power!
The stone arrow hits the swamp worm!!
You kill the swamp worm!
Vehumet accepts your kill.
You feel your power returning.
The eight-headed hydra bites you but does no damage. x2
The eight-headed hydra barely misses you.
The eight-headed hydra bites you but does no damage.
The eight-headed hydra bites you. The eight-headed hydra bites you!
The eight-headed hydra closely misses you.
The eight-headed hydra bites you!
You block the six-headed hydra's attack.
The six-headed hydra barely misses you.
The six-headed hydra bites you but does no damage.
You block the six-headed hydra's attack.
The six-headed hydra bites you.
The six-headed hydra completely misses you.
As you read the scroll of teleportation, it crumbles to dust.
You feel strangely unstable.
The eight-headed hydra bites you but does no damage. x3
You block the eight-headed hydra's attack.
The eight-headed hydra closely misses you.
You block the eight-headed hydra's attack.
The eight-headed hydra bites you but does no damage. x2
You block the six-headed hydra's attack.
The six-headed hydra closely misses you.
The six-headed hydra bites you!!
* * * LOW HITPOINT WARNING * * *
The six-headed hydra bites you but does no damage.
You block the six-headed hydra's attack.
The six-headed hydra bites you!
* * * LOW HITPOINT WARNING * * *
Blink to where?
Press: ? - help, Dir - move target
As you read the scroll of blinking, it crumbles to dust.
The swamp worm fires a harpoon shot at you.
The harpoon shot hits you.
* * * LOW HITPOINT WARNING * * *
You are yanked forward by the harpoon shot.
The alligator closely misses you. The alligator tail-slaps you!
You die...

♣. ♣♣..♣
~.~..~♣ ..
...~~♣♣♣~~~~.~♣
~.
....~..♣.~.~.♣
~. .♣..^.~.$..♣
.. ...~.~....♣
.~ .~.~♣.~~.♣♣♣
.~
~~...§.~..)♣♣
.~
.§.~.~.....~♣
.~
.~....♣..@~♣♣
t~ ..~.~~~~Dtw♣
~.
♣♣.♣~...♣D~♣♣ §
♣♣~.[~♣♣.§.♣
♣.§.♣ ♣...♣
♣~..♣ ♣♣~♣♣
♣♣.♣ ♣♣♣ ♣♣
~§≈§§≈♣♣


You could see an alligator (strong, swift), an eight-headed hydra, a six-headed
hydra (strong) and a swamp worm (strong).

Vanquished Creatures
  Rupert (D:15)
  Jorgrun (Orc:1)
  Gastronok (D:7)
  Kirke (Lair:3)
  Roxanne (D:15)
  Louise (D:15)
  Nessos (D:15)
  3 eleionomae
  A minotaur (Gauntlet)
  A bunyip (Swamp:1)
  Snorg (D:11)
  A fire dragon (D:15)
  5 hydras
  Harold (D:10)
  An ice dragon (D:15)
  3 vault guards (D:13)
  6 catoblepae
  A ghost crab (Swamp:2)
  Erica (D:8)
  5 boulder beetles
  4 ogre magi (Orc:2)
  4 centaur warriors
  18 two-headed ogres
  Urug (D:10)
  The ghost of Nabski the Scorcher, a journeyman TeFE of Vehumet (D:10)
  9 death yaks
  5 alligators
  Amaemon (D:10)
  5 spriggans
  Sonja (Lair:3)
  A goliath frog (Swamp:2)
  2 spriggan druids
  2 swamp dragons (Swamp:1)
  2 bog bodies (Swamp:2)
  An orc knight (Orc:1)
  5 deep elf pyromancers
  An orc sorcerer (Orc:2)
  13 ugly things
  An oklob plant (Lair:4)
  6 manticores
  2 will-o-the-wisps
  4 cyclopes
  2 black mambas (Lair:5)
  2 torpor snails
  An unseen horror (D:12)
  An eye of devastation (Gauntlet)
  9 cane toads
  An orange demon (Lair:1)
  A rime drake (Lair:5)
  Maggie (D:8)
  2 rime drakes (shapeshifter)
  8 komodo dragons
  A kobold demonologist (D:12)
  A freezing wraith (D:12)
  A polar bear (Lair:4)
  3 tyrant leeches
  5 trolls
  A bloated husk (Swamp:1)
  7 hornets
  10 blink frogs
  4 slime creatures (D:14)
  Sigmund (D:5)
  2 shadows
  2 wraiths
  11 flying skulls (Gauntlet)
  A spriggan (shapeshifter) (D:14)
  3 water elementals
  2 vampires
  8 humans (D:13)
  2 basilisks
  A basilisk (shapeshifter) (D:15)
  4 wyverns
  58 yaks
  Grum (D:9)
  2 hogs (Lair:3)
  A wyvern (shapeshifter) (D:15)
  2 redbacks (Lair:3)
  3 steam dragons
  4 vampire mosquitoes (D:12)
  3 swamp worms
  A warg (Orc:1)
  10 water moccasins
  4 acid dragons
  A floating eye (Gauntlet)
  24 orc warriors
  An ice beast (D:6)
  A sky beast (D:8)
  2 black bears
  5 boggarts (D:15)
  31 ogres
  32 wolves
  The ghost of Monarks the Caller, an amateur DrSu of Xom (D:5)
  3 phantoms
  14 centaurs
  21 bullfrogs
  6 scorpions
  2 water moccasin zombies
  5 killer bees (D:10)
  The ghost of patfeehan111222 the Trooper, a weakling DsBe of Trog (D:4)
  8 electric eels
  3 howler monkeys
  A centaur zombie (Ossuary)
  3 hounds
  A jelly (D:5)
  9 orc priests
  Crazy Yiuf (D:3)
  Jessica (D:2)
  2 iguanas (D:5)
  19 orc wizards
  Natasha (thrice) (D:4)
  7 hell rats
  A killer bee zombie (Ossuary)
  5 mummies
  19 gnolls
  14 adders
  11 river rats
  2 white imps
  An adder zombie (D:4)
  3 worms
  4 dart slugs
  72 orcs
  16 ball pythons
  8 endoplasms
  6 giant cockroaches
  7 goblins
  6 hobgoblins
  6 jackals
  6 quokkas
  2 bats
  7 frilled lizards
  10 kobolds
  33 rats
760 creatures vanquished.

Vanquished Creatures (collateral kills)
  A hound (D:6)
1 creature vanquished.

Vanquished Creatures (others)
  A bunyip (Swamp:2)
  A rime drake (Lair:3)
  2 bloated husks (Swamp:2)
  2 spriggans (Swamp:2)
  A human (Lair:3)
  A swamp drake (Swamp:2)
8 creatures vanquished.

Grand Total: 769 creatures vanquished

Notes
Turn   | Place    | Note
-------+----------+-------------------------------------------
     0 | D:1      | voltaire321 the Deep Elf Earth Elementalist began the quest
                  | for the Orb.
     0 | D:1      | Reached XP level 1. HP: 10/10 MP: 6/6
   393 | D:1      | Reached XP level 2. HP: 12/15 MP: 5/8
   947 | D:1      | Reached XP level 3. HP: 20/20 MP: 7/9
  1143 | D:1      | Learned a level 2 spell: Passwall
  1147 | D:1      | Learned a level 3 spell: Stone Arrow
  1429 | D:2      | Found Miamaeg's Antique Armour Boutique.
  1752 | D:2      | Found Qousm's Weapon Shop.
  1785 | D:2      | Found Yqunushra's Assorted Antiques.
  1794 | D:2      | Noticed Jessica
  1798 | D:2      | Killed Jessica
  1799 | D:2      | Reached skill level 1 in Fighting
  1799 | D:2      | Reached skill level 1 in Armour
  1799 | D:2      | Reached XP level 4. HP: 25/25 MP: 8/11
  1889 | D:2      | You fall into a shaft and drop 1 floor!
  2093 | D:2      | Found a hide-covered altar of Uskayaw.
  2455 | D:3      | Reached skill level 4 in Spellcasting
  2455 | D:3      | Reached skill level 1 in Conjurations
  2464 | D:3      | Reached XP level 5. HP: 29/29 MP: 7/13
  2510 | D:3      | Found a snail-covered altar of Cheibriados.
  2574 | D:3      | Found a radiant altar of Vehumet.
  2580 | D:3      | Became a worshipper of Vehumet
  2709 | D:3      | Found a faded altar of an unknown god.
  2732 | D:3      | Found a runed translucent door.
  2733 | D:3      | Noticed Crazy Yiuf
  2740 | D:3      | Killed Crazy Yiuf
  3027 | D:3      | Reached XP level 6. HP: 34/34 MP: 12/14
  3049 | D:3      | Found a shimmering altar of Xom.
  3259 | D:4      | Found a hide-covered altar of Uskayaw.
  3266 | D:4      | Noticed Natasha
  3325 | D:4      | Reached * piety under Vehumet
  3325 | D:4      | Offered knowledge of Shock by Vehumet.
  3378 | D:4      | Found a glowing drain.
  3382 | Sewer    | Entered a sewer
  3432 | Sewer    | Reached skill level 5 in Spellcasting
  3550 | Sewer    | Reached XP level 7. HP: 40/40 MP: 11/16
  3591 | Sewer    | Reached ** piety under Vehumet
  3593 | Sewer    | Offered knowledge of Kiss of Death by Vehumet.
  4090 | D:4      | Killed Natasha
  4162 | D:4      | Noticed Natasha
  4169 | D:4      | Killed Natasha
  4223 | D:4      | Found Ekih's Weapon Shoppe.
  4240 | D:4      | Reached skill level 5 in Earth Magic
  4256 | D:4      | Found a large runed translucent door.
  4258 | D:4      | Found a large runed translucent door.
  4260 | D:4      | Noticed SirDiesAlot's ghost (amateur OgGl)
  4352 | D:4      | Found Onoafel's Distillery.
  4360 | D:4      | Bought 2 potions of curing for 78 gold pieces
  4383 | D:4      | Found a runed translucent gate.
  4384 | D:4      | Found a runed translucent gate.
  4384 | D:4      | Noticed patfeehan111222's ghost (weakling DsBe)
  4385 | D:4      | Found a runed translucent gate.
  4386 | D:4      | Noticed Natasha
  4387 | D:4      | Found a basalt altar of Yredelemnul.
  4394 | D:4      | Killed Natasha
  4432 | D:4      | Killed patfeehan111222's ghost
  4433 | D:4      | Reached skill level 5 in Dodging
  4765 | D:5      | Entered Level 5 of the Dungeon
  4800 | D:5      | Reached XP level 8. HP: 43/45 MP: 16/18
  4973 | D:5      | Reached skill level 6 in Spellcasting
  5035 | D:5      | Found a runed translucent door.
  5037 | D:5      | Noticed Monarks's ghost (amateur DrSu)
  5041 | D:5      | Offered knowledge of Dazzling Flash by Vehumet.
  5057 | D:5      | Killed Monarks's ghost
  5485 | D:5      | Reached *** piety under Vehumet
  5858 | D:5      | Noticed Sigmund
  5864 | D:5      | Killed Sigmund
  5980 | D:5      | Found an ornate altar of the Wu Jian Council.
  6011 | D:5      | Found a runed translucent door.
  6135 | D:5      | Reached skill level 5 in Fighting
  6135 | D:5      | Reached skill level 10 in Spellcasting
  6135 | D:5      | Reached XP level 9. HP: 55/55 MP: 20/25
  6390 | D:6      | Offered knowledge of Iskenderun's Mystic Blast by Vehumet.
  6397 | D:6      | Learned a level 4 spell: Iskenderun's Mystic Blast
  6642 | D:5      | Reached XP level 10. HP: 45/60 MP: 5/26
  7070 | D:7      | Found a staircase to the Ecumenical Temple.
  7077 | Temple   | Entered the Ecumenical Temple
  7229 | D:7      | Found an opulent altar of Gozag.
  7349 | D:7      | Found a shimmering blue altar of Sif Muna.
  7455 | D:7      | Reached **** piety under Vehumet
  7457 | D:7      | Offered knowledge of Inner Flame by Vehumet.
  7571 | D:7      | Found a glowing silver altar of Zin.
  7590 | D:8      | Noticed Gastronok
  7633 | D:8      | Found a sand-covered staircase.
  7645 | Ossuary  | Entered an ossuary
  7777 | D:8      | Noticed Erica
  7965 | D:7      | Killed Gastronok
  8043 | D:8      | Killed Erica
  8123 | D:8      | Found a flagged portal.
  8132 | Bailey   | Entered a bailey
  8255 | Bailey   | Reached ***** piety under Vehumet
  8255 | Bailey   | Offered knowledge of Orb of Destruction by Vehumet.
  8459 | Bailey   | Reached skill level 11 in Spellcasting
  8658 | Bailey   | Reached XP level 11. HP: 66/66 MP: 23/28
  9262 | D:8      | Noticed Maggie
  9289 | D:8      | Killed Maggie
  9559 | D:8      | Reached skill level 1 in Shields
  9954 | D:9      | Noticed Grum
  9961 | D:9      | Killed Grum
  9962 | D:9      | Reached skill level 5 in Armour
 10052 | D:9      | Noticed a two-headed ogre
 10063 | D:9      | Killed a two-headed ogre
 10700 | D:10     | Entered Level 10 of the Dungeon
 10706 | D:10     | Reached skill level 10 in Earth Magic
 10824 | D:10     | Noticed a two-headed ogre
 10828 | D:10     | Killed a two-headed ogre
 11128 | D:10     | Found a staircase to the Lair.
 11154 | D:10     | Found a staircase to the Orcish Mines.
 11335 | D:10     | Noticed Harold
 11339 | D:10     | Killed Harold
 11438 | D:10     | Found a white marble altar of Elyvilon.
 11506 | D:10     | Found a portal to a secret trove of treasure.
 11513 | Trove    | Entered a treasure trove
 11522 | Trove    | Identified the amulet "Qesa Ewi" {-Tele Fly rN+ Regen+}
 11524 | Trove    | Identified the ring "Padomoem" {Fire rElec Str+2}
 11530 | Trove    | Identified the ring "Kyeseth" {rPois Will- Str+4 Slay+4}
 11532 | Trove    | Identified the amulet "Gikkaj Pupa" {rElec Regen+}
 11535 | Trove    | Identified the ring "Kugiykit" {rN++ EV+5}
 11539 | Trove    | Identified the ring "Pixu" {Wiz rF+ Int+2}
 11542 | Trove    | Identified the amulet "Acajymn" {+Blink Regen+ SInv}
 11548 | Trove    | Identified the ring "Kurerchai" {Ice rCorr MP+9}
 11670 | D:10     | Found a runed translucent door.
 11671 | D:10     | Noticed Nabski's ghost (journeyman TeFE)
 11689 | D:10     | Killed Nabski's ghost
 11690 | D:10     | Reached skill level 12 in Spellcasting
 11736 | D:10     | Identified the +5 ring mail "Jiemastu" {rF+ rC+}
 11914 | D:11     | Reached XP level 12. HP: 67/72 MP: 26/30
 11977 | Lair:1   | Entered Level 1 of the Lair of Beasts
 11977 | Lair:1   | Noticed Amaemon
 11981 | Lair:1   | Noticed Urug
 11982 | Lair:1   | Noticed a catoblepas
 12197 | D:10     | Killed Amaemon
 12335 | D:10     | Killed Urug
 12419 | Lair:1   | Killed a catoblepas
 12603 | Lair:1   | Identified the +1 falchion "Teyfaqis" {distort, Fragile rF+
                  | rCorr}
 13125 | Lair:2   | Reached skill level 1 in Evocations
 13139 | Lair:2   | Found a staircase to the Swamp.
 13332 | Lair:2   | Reached skill level 5 in Shields
 13347 | Lair:2   | Identified the +0 ring mail "Lotecwu" {rF+ Int+3 Dex+3}
 13356 | Lair:2   | Identified the +0 morningstar "Irru Log" {flame, rC- rCorr
                  | Int+7 Stlth+}
 14141 | Lair:3   | Noticed a boulder beetle
 14143 | Lair:3   | Noticed Sonja
 14145 | Lair:3   | Reached skill level 10 in Conjurations
 14356 | Lair:3   | Found a hole to the Spider Nest.
 14406 | Lair:3   | Killed a boulder beetle
 14490 | Lair:3   | Killed Sonja
 14613 | Lair:3   | Noticed Kirke
 14638 | Lair:3   | Killed Kirke
 14750 | Lair:3   | Noticed a catoblepas
 14760 | Lair:3   | Killed a catoblepas
 14856 | Lair:3   | Reached XP level 13. HP: 61/78 MP: 23/31
 15646 | Lair:4   | Reached skill level 13 in Spellcasting
 15807 | Lair:4   | Found a staircase to the Slime Pits.
 16077 | Lair:4   | Found a viscous altar of Jiyva.
 16272 | Lair:4   | Reached skill level 10 in Dodging
 17319 | Lair:5   | Entered Level 5 of the Lair of Beasts
 17483 | Lair:5   | Found a gate leading to a gauntlet.
 17507 | Gauntlet | Entered a Gauntlet
 17507 | Gauntlet | Found a transporter.
 17619 | Gauntlet | Found a transporter.
 17634 | Gauntlet | Found a transporter.
 17636 | Gauntlet | Found a large runed translucent door.
 17637 | Gauntlet | Found a large runed translucent door.
 17638 | Gauntlet | Found a large runed translucent door.
 17638 | Gauntlet | Found a large runed translucent door.
 17638 | Gauntlet | Found a runed translucent door.
 17639 | Gauntlet | Found a transporter.
 17640 | Gauntlet | Found a runed translucent door.
 17641 | Gauntlet | Found a large runed translucent door.
 17641 | Gauntlet | Found a large runed translucent door.
 17642 | Gauntlet | Found a large runed translucent door.
 17643 | Gauntlet | Found a large runed translucent door.
 17649 | Gauntlet | Found a large runed translucent door.
 17649 | Gauntlet | Found a large runed translucent door.
 17650 | Gauntlet | Found a large runed translucent door.
 17650 | Gauntlet | Found a large runed translucent door.
 17651 | Gauntlet | Found a large runed translucent door.
 17651 | Gauntlet | Found a large runed translucent door.
 17652 | Gauntlet | Found a runed translucent gate.
 17652 | Gauntlet | Found a runed translucent gate.
 17652 | Gauntlet | Found a runed translucent gate.
 17654 | Gauntlet | Found a transporter.
 17664 | Gauntlet | Found a large runed translucent door.
 17665 | Gauntlet | Found a large runed translucent door.
 17670 | Gauntlet | Found a transporter.
 17679 | Gauntlet | Noticed a cacodemon
 17685 | Gauntlet | Found a transporter.
 17687 | Gauntlet | Noticed a blizzard demon
 17696 | Gauntlet | Found a transporter.
 17714 | Gauntlet | Found a transporter.
 17726 | Gauntlet | Found a transporter.
 17732 | Gauntlet | Found a transporter.
 17732 | Gauntlet | Found a transporter.
 17734 | Gauntlet | Found a transporter.
 17756 | Gauntlet | Found a transporter.
 17773 | Gauntlet | Found a transporter.
 17792 | Gauntlet | Found a transporter.
 17798 | Gauntlet | Found the dreamshard necklace {Acrobat *Dream}
 17824 | Gauntlet | Found a transporter.
 17886 | Gauntlet | Identified the +6 plate armour of Past Mistakes {Drain
                  | rF+++ Will+ Int-3}
 17888 | Gauntlet | Found a transporter.
 18171 | Gauntlet | Identified the staff of cold "Rufiw" {rC+ rCorr Int+2}
 18182 | Gauntlet | Noticed a minotaur
 18188 | Gauntlet | Killed a minotaur
 18528 | Lair:5   | Reached skill level 5 in Evocations
 18749 | Lair:5   | Identified the +2 flail of Distant Worlds {freeze, MP+9
                  | Int+2}
 19280 | Lair:5   | Reached XP level 14. HP: 84/84 MP: 30/33
 19831 | Lair:5   | Reached skill level 14 in Spellcasting
 20273 | Orc:1    | Entered Level 1 of the Orcish Mines
 20852 | Orc:2    | Entered Level 2 of the Orcish Mines
 21474 | Orc:2    | Offered knowledge of Iron Shot by Vehumet.
 21492 | Orc:2    | Learned a level 6 spell: Iron Shot
 21687 | Orc:2    | Found Ficwoyt's Assorted Antiques.
 21687 | Orc:2    | Found Daitis's Antique Armour Emporium.
 21701 | Orc:2    | Found Koegup Wosin's Book Shoppe.
 21701 | Orc:2    | Found Icvekhlai's Armour Boutique.
 21733 | Orc:2    | Found a staircase to the Elven Halls.
 22068 | Orc:1    | Noticed Jorgrun
 22077 | Orc:1    | Killed Jorgrun
 22315 | Orc:2    | Bought a steaming staff for 324 gold pieces
 22315 | Orc:2    | Identified the staff of earth "Tyrr" {Will+++ Str-2 Int-4
                  | Dex+2} (You bought it in a shop on level 2 of the Orcish
                  | Mines)
 22323 | Orc:2    | Identified a scroll of acquirement
 22323 | Orc:2    | Acquired the +0 pair of gloves "Ypitatt" {rC++ Will+}
 22347 | Orc:2    | Bought a twisted cloak for 228 gold pieces
 22347 | Orc:2    | Identified the +0 cloak of the Trees {Dex+3} (You bought it
                  | in a shop on level 2 of the Orcish Mines)
 22546 | D:11     | Noticed Snorg
 22801 | D:11     | Killed Snorg
 22963 | D:11     | Reached XP level 15. HP: 91/91 MP: 32/35
 23676 | D:12     | Learned a level 2 spell: Searing Ray
 24401 | D:13     | Reached skill level 10 in Armour
 24454 | D:13     | Reached skill level 15 in Spellcasting
 24777 | D:13     | Found a gate to the Vaults.
 25822 | D:14     | Reached skill level 10 in Fighting
 26230 | D:14     | Found a blossoming altar of Fedhas.
 26589 | D:15     | Entered Level 15 of the Dungeon
 26835 | D:15     | Noticed Louise
 26839 | D:15     | Killed Louise
 26978 | D:15     | Found a staircase to the Depths.
 27263 | D:15     | Noticed Rupert
 27274 | D:15     | Killed Rupert
 27603 | D:15     | Noticed Nessos
 27607 | D:15     | Killed Nessos
 27897 | D:14     | Offered knowledge of Lee's Rapid Deconstruction by Vehumet.
 27905 | D:14     | Learned a level 5 spell: Lee's Rapid Deconstruction
 28481 | D:15     | Noticed Roxanne
 28485 | D:15     | Killed Roxanne
 29049 | Swamp:1  | Entered Level 1 of the Swamp
 29093 | Swamp:1  | Identified the +1 plate armour "Jickaat" {Drain rElec rPois
                  | rF+}
 29791 | Swamp:1  | Reached XP level 16. HP: 98/98 MP: 24/37
 30202 | Swamp:2  | Reached skill level 16 in Spellcasting
 30211 | Swamp:2  | Reached skill level 10 in Shields
 30502 | Swamp:2  | Slain by an alligator

Illustrated notes

Levels and vault maps discovered:
D:1:      giann_forest_graveyard, layout_loops_corners
D:2:      layout_loops_corners, basic_altar, serial_shops, shop, shop,
          shop_fountains, uniq_jessica
D:3:      layout_rooms, nicolae_vehumet_altar_sigil, slow_altar_1,
          mainiacjoe_overflow_boulevard, ebering_ecumenical_altar_petrified,
          wad_floor_pattern_untrapped, uniq_crazy_yiuf_cottage
D:4:      layout_layer_cave, old_standard_altar,
          nicolae_yredelemnul_ghost_church, serial_shops, nicolae_shop_crystal,
          ebering_ghost_disaster_area, gup_sewer_entry_spiral,
          nicolae_inconvenience_store, uniq_natasha
D:5:      layout_cave_pods, nicolae_wu_jian_immortal_techniques,
          ebering_ghost_sewer_f, minivault_24, uniq_sigmund
D:6:      layout_basic, nicolae_figureground_sparkle
D:7:      layout_cave_pools, pdpol_temple_overflow_zin_treasury_gozag_greed,
          led_sif_pool, temple_green
D:8:      layout_rooms, enter_bailey_6, nicolae_ossuary_entry_monument,
          fungi_pond_lemuel, uniq_erica, uniq_maggie, uniq_gastronok
D:9:      layout_loops_ring, uniq_grum
D:10:     layout_basic, lemuel_doored_altar, lair_entry_dummy, orc_0_dummy,
          gammafunk_ghost_grave, enter_trove_0, uniq_harold
D:11:     layout_long_grid, kennysheep_small_circle, uniq_snorg
D:12:     layout_rooms
D:13:     layout_basic, ximxim_vaults_locker_room
D:14:     layout_long_grid, fedhas_altar_1, serial_bayou, serial_bayou_pond_b,
          serial_bayou_pond_b, serial_bayou_pond_c, serial_bayou_pond_d,
          serial_bayou_shore_b, hangedman_decor_diamond_cutter
D:15:     grunt_enter_depths_hoard, layout_layer_cave, uniq_nessos,
          uniq_roxanne, uniq_rupert, uniq_louise
Temple:   nicolae_temple_hex_pool
Lair:1:   layout_cave_shapes, grunt_megastairs_4, uniq_amaemon, uniq_urug
Lair:2:   layout_regular_city, swamp_mist_pool, serial_bayou_shore_b,
          lemuel_fruit_tree, serial_bayou_shore_a, infiniplex_staircase_pool,
          lemuel_fruit_fields, lemuel_fruit_fields, serial_bayou_shore_b
Lair:3:   layout_roguey, spider_nest_entry_webs, kennysheep_rathole,
          grunt_megastairs_3, uniq_sonja, uniq_kirke
Lair:4:   layout_cellular_growth, slime_entry_1, minmay_lair_oklob_items,
          grunt_megastairs_5
Lair:5:   evilmike_catoblepas_cave, layout_gridlike, gauntlet_entry_generic,
          chequers_serial_rivers_micro_c
Swamp:1:  layout_basic_swamp, nicolae_swamp_well_well_well
Swamp:2:  layout_falls_marsh, nicolae_swamp_decorative_isthmus, swamp_pool4
Orc:1:    layout_diamond_mine, minmay_orc_keep, uniq_jorgrun
Orc:2:    st_orc_ogre_mass, layout_caves, nicolae_orc_stony_grotto,
          hellmonk_bongcloud_opening, mines5_lemuel

Skill      XL: |  1  2  3  4  5  6  7  8  9 10 11 12 13 14 15 16 |
---------------+-------------------------------------------------+-----
Transmutations | 2 |  2.0
Fighting       | 1 2 5 6 7 8 9 10 | 10.6
Armour         | 1 2 3 4 5 6 8 9 10 | 10.0
Dodging        | 3 4 5 6 7 8 9 10 11 13 | 13.3
Spellcasting   | 4 5 10 11 12 13 14 15 16 | 16.1
Conjurations   | 1 2 3 7 8 9 10 11 12 13 | 13.1
Earth Magic    | 4 5 8 9 10 11 12 13 | 13.8
Shields        | 3 5 6 7 9 10 | 10.2
Evocations     | 3 5 |  5.0
Stealth        | |  2.4

Action                     |  1- 3 |  4- 6 |  7- 9 | 10-12 | 13-15 | 16-18 || total
---------------------------+-------+-------+-------+-------+-------+-------++-------
  Melee: Whip              |       |     3 |     1 |       |       |       ||     4
         Spear             |       |       |     9 |     9 |       |       ||    18
         Punch             |       |       |       |     1 |       |       ||     1
         Scimitar          |       |       |       |    50 |    68 |       ||   118
         Flail             |       |       |       |       |    15 |       ||    15
         Staff             |       |       |       |       |    40 |    27 ||    67
  Throw: Dart              |       |       |       |     1 |     1 |       ||     2
   Cast: Sandblast         |    64 |   116 |   118 |   224 |   319 |       ||   841
         Stone Arrow       |       |       |    38 |   203 |   393 |    34 ||   668
         Iskenderun's Myst |       |       |       |    24 |   144 |     7 ||   175
         Iron Shot         |       |       |       |       |    45 |    16 ||    61
         Searing Ray       |       |       |       |       |     9 |       ||     9
         Lee's Rapid Decon |       |       |       |       |     4 |       ||     4
  Evoke: Wand              |       |       |       |       |       |     2 ||     2
    Use: Scroll            |       |       |    20 |    10 |    14 |     5 ||    49
         Potion            |       |       |     2 |    10 |     2 |     2 ||    16
   Stab: Sleeping          |       |       |     1 |       |       |       ||     1
         Petrified         |       |       |       |     5 |     5 |       ||    10
 Armour: Robe              |     4 |     8 |    32 |    18 |       |       ||    62
         Swamp dragon scal |       |       |       |    74 |    77 |       ||   151
         Ring mail         |       |       |       |       |    78 |    32 ||   110
  Dodge: Dodged            |    12 |    48 |   175 |   304 |   405 |    56 ||  1000
  Block: Buckler           |       |       |       |    62 |   147 |       ||   209
         Kite shield       |       |       |       |       |    89 |    45 ||   134

Table legend: (Time is in decaauts)
 A = Elapsed time spent in this place.
 B = Non-inter-level travel time spent in this place.
 C = Inter-level travel time spent in this place.
 D = Time resting spent in this place.
 E = Time spent auto-exploring this place.
 F = Levels seen in this place.
 G = Mean time per level.
                   A        B        C        D        E       F      G
               +--------+--------+--------+--------+--------+-----+--------+
         Total |  31286 |  29499 |   1787 |   9058 |  12635 |  30 | 1042.9 |
       Dungeon |  17305 |  16033 |   1272 |   4437 |   7974 |  15 | 1153.7 |
        Temple |     91 |     72 |     19 |      0 |     61 |   1 |   91.0 |
          Lair |   7279 |   7018 |    261 |   2209 |   2975 |   5 | 1455.8 |
         Swamp |   1498 |   1484 |     14 |    796 |    395 |   2 |  749.0 |
  Orcish Mines |   2309 |   2089 |    220 |    474 |    823 |   2 | 1154.5 |
         Trove |     43 |     43 |      0 |      0 |      0 |   1 |   43.0 |
         Sewer |    734 |    734 |      0 |    269 |    174 |   1 |  734.0 |
       Ossuary |     89 |     89 |      0 |      0 |      0 |   1 |   89.0 |
        Bailey |   1130 |   1130 |      0 |    474 |    212 |   1 | 1130.0 |
      Gauntlet |    804 |    804 |      0 |    397 |     19 |   1 |  804.0 |
               +--------+--------+--------+--------+--------+-----+--------+

Top non-repeatable levels by time:
  Lair:5: 2019 daAuts
    D:15: 1909 daAuts
  Lair:4: 1767 daAuts
    D:10: 1737 daAuts
  Lair:3: 1686 daAuts
    D:14: 1632 daAuts
     D:5: 1532 daAuts
     D:1: 1332 daAuts
   Orc:2: 1329 daAuts
 Swamp:1: 1183 daAuts
  Lair:2: 1153 daAuts
    D:13: 1140 daAuts
  Bailey: 1130 daAuts
     D:4: 1084 daAuts
    D:11: 1083 daAuts
